 Dungeon Crawl Stone Soup version 0.25.0-9-g26727b657a (webtiles) character file.

Game seed: 9277347250282532405

603533 mopl the Earth Mage (level 25, -3/216 HPs)
             Began as a Red Draconian Earth Elementalist on June 16, 2020.
             Was the Champion of Dithmenos.
             Slain by a bone dragon (20 damage)
             ... on level 4 of the Abyss on June 17, 2020.
             The game lasted 04:27:14 (60120 turns).

mopl the Earth Mage (DrEE)                         Turns: 60120, Time: 04:27:17

Health: -3/216     AC: 19    Str: 21      XL:     25   Next: 42%
Magic:  56/59      EV: 22    Int: 24 (25) God:    Dithmenos [******]
Gold:   7649       SH:  0    Dex:  9      Spells: 9/53 levels left

rFire    + . .     SeeInvis .   V - +9 Maxwell's thermic engine {flame, freeze}
rCold    + . .     Gourm    .   T - +1 kite shield {rC+}
rNeg     + . .     Faith    .   (armour unavailable)
rPois    +         Spirit   .   X - +2 hat {MR+}
rElec    .         Reflect  .   n - scarf {+Inv}
rCorr    .         Harm     .   R - +2 pair of gloves "Wuixix" {rPois MP+9 Str+9 Dex-2}
MR       ++++.                  H - +1 pair of boots of Past Mistakes {MR++}
Stlth    +++.......             e - amulet of regeneration
HPRegen  0.86/turn              i - +4 ring of evasion
MPRegen  0.36/turn              U - ring "Bizoutt" {rN+ MP+9 Int+2 Dex-2 Slay+5}

@: confused, about to teleport, very slightly contaminated, wreathed by umbra
A: breathe fire, unfitting armour, clumsy 1, fire resistance 1, cold-blooded, AC
+12
}: 5/15 runes: decaying, serpentine, slimy, silver, abyssal
a: Breathe Fire, Shadow Step, Shadow Form, Renounce Religion, Evoke Invisibility


You were on level 4 of the Abyss.
You worshipped Dithmenos.
Dithmenos was exalted by your worship.
You were not hungry.

You visited 10 branches of the dungeon, and saw 48 of its levels.
You visited the Abyss 1 time.
You also visited: Sewer, Gauntlet, Ice Cave and Volcano.

You collected 8094 gold pieces.
You spent 445 gold pieces at shops.

Inventory:

Hand Weapons
 a - a +9 vampiric double sword
 b - the +12 Vampire's Tooth {vamp}
   (You found it on level 15 of the Dungeon)

   It inflicts no extra harm, but heals its wielder when it wounds a living foe.
 V - the +9 Maxwell's thermic engine (weapon) {flame, freeze}
   (You found it on level 2 of the Crypt)

   It has been specially enchanted to burn those struck by it, causing extra
   injury to most foes and up to half again as much damage against particularly
   susceptible opponents.
   Big, fiery blades are also staple armaments of hydra-hunters.
   It has been specially enchanted to freeze those struck by it, causing extra
   injury to most foes and up to half again as much damage against particularly
   susceptible opponents.
 Y - the +9 sword of Zonguldrok {reap}
   (You found it on level 1 of the Crypt)

   If a monster killed with it leaves a corpse in good enough shape, the corpse
   will be animated as a zombie friendly to the killer.
Missiles
 f - 3 throwing nets
 t - 25 boomerangs (quivered)
 W - 23 curare-tipped darts
Armour
 n - a scarf of invisibility (worn)
 D - a scarf of repulsion
 H - the +1 pair of boots of Past Mistakes (worn) {MR++}
   (You found it on level 1 of the Crypt)

   It affects your resistance to hostile enchantments.
 R - the +2 pair of gloves "Wuixix" (worn) {rPois MP+9 Str+9 Dex-2}
   (You found it on level 5 of the Pits of Slime)

   It affects your strength (+9).
   It affects your dexterity (-2).
   It protects you from poison.
   It affects your magic capacity (+9).
 T - a +1 kite shield of cold resistance (worn)
 X - a +2 hat of magic resistance (worn)
Jewellery
 e - an amulet of regeneration (around neck)
 i - a +4 ring of evasion (left hand)
 w - the ring "Luruw" {rF+ rN+ MP+9}
   (You acquired it on level 2 of the Snake Pit)

   [ring of magical power]

   It protects you from fire.
   It protects you from negative energy.
   It affects your magic capacity (+9).
 U - the ring "Bizoutt" (right hand) {rN+ MP+9 Int+2 Dex-2 Slay+5}
   (You took it off a vault warden on level 5 of the Vaults)

   [ring of magical power]

   It affects your intelligence (+2).
   It affects your dexterity (-2).
   It affects your accuracy and damage with ranged weapons and melee attacks
   (+5).
   It protects you from negative energy.
   It affects your magic capacity (+9).
Wands
 l - a wand of clouds (2)
 y - a wand of digging (6)
 I - a wand of enslavement (6)
 J - a wand of polymorph (67)
 K - a wand of iceblast (63)
 L - a wand of disintegration (54)
 S - a wand of paralysis (5)
Scrolls
 j - 19 scrolls of teleportation
 k - 11 scrolls of magic mapping
 u - 9 scrolls of fear
 x - 4 scrolls of blinking
 E - 19 scrolls of remove curse
 F - a scroll of summoning
 G - 3 scrolls of silence
 M - 5 scrolls of fog
 O - 5 scrolls of identify
 P - 3 scrolls of vulnerability
 Q - a scroll of enchant weapon
Potions
 d - 5 potions of resistance
 g - 4 potions of brilliance
 h - 4 potions of cancellation
 m - 20 potions of curing
 o - a potion of heal wounds
 q - 10 potions of might
 r - 7 potions of lignification
 s - 6 potions of magic
 v - a potion of berserk rage
 z - 8 potions of flight
 B - 3 potions of stabbing
 C - 4 potions of haste
 N - 5 potions of ambrosia
 Z - a potion of mutation
Miscellaneous
 p - a phantom mirror
 A - a box of beasts
Comestibles
 c - 54 rations


   Skills:
 + Level 16.2 Fighting
 - Level 16.0 Long Blades
 + Level 14.1 Dodging
 - Level 10.0 Stealth
 + Level 14.3 Shields
 + Level 14.7 Spellcasting
 + Level 15.2 Conjurations
 - Level 5.0 Translocations
 - Level 10.0 Transmutations
 + Level 15.2 Fire Magic
 * Level 18.5 Earth Magic
 - Level 10.4 Invocations
 + Level 5.5 Evocations


You had 9 spell levels left.
You knew the following spells:

 Your Spells              Type           Power        Failure   Level  Hunger
a - Apportation           Tloc           #####.       1%          1    None
b - Bolt of Magma         Conj/Fire/Erth #######...   1%          5    ##.....
c - Petrify               Tmut/Erth      ######..     1%          4    None
d - Stone Arrow           Conj/Erth      ######       0%          3    None
e - Blink                 Tloc           N/A          1%          2    None
f - Fireball              Conj/Fire      ######....   1%          5    ##.....
g - Sandblast             Erth           ######       0%          1    None
i - Irradiate             Conj/Tmut      ######....   1%          5    ##.....
k - Lee's Rapid Deconstr  Erth           #######...   1%          5    ##.....
p - Passwall              Tmut/Erth      ######..     0%          2    None
s - Statue Form           Tmut/Erth      ######...    1%          6    ####...
v - Borgnjor's Vile Clut  Necr/Erth      ######....   2%          5    ##.....

Your spell library contained the following spells:

 Spells                   Type           Power        Failure   Level  Hunger
 Magic Dart               Conj           ####         0%          1    None
 Beastly Appendage        Tmut           ######       1%          1    None
 Shock                    Conj/Air       ####         1%          1    None
 Sting                    Tmut/Pois      ####         1%          1    None
 Shroud of Golubria       Chrm/Tloc      ####..       1%          2    None
 Sticks to Snakes         Tmut           ######..     1%          2    None
 Conjure Flame            Conj/Fire      ######..     1%          3    None
 Dazzling Flash           Conj/Hex       ######       1%          3    None
 Ignite Poison            Fire/Tmut/Pois ######..     1%          3    None
 Inner Flame              Hex/Fire       ######..     1%          3    None
 Mephitic Cloud           Conj/Pois/Air  #####...     1%          3    None
 Spider Form              Tmut/Pois      #####.....   1%          3    None
 Static Discharge         Conj/Air       ######..     1%          3    None
 Fulminant Prism          Conj/Hex       ######....   1%          4    None
 Hailstorm                Conj/Ice       ######..     1%          4    None
 Leda's Liquefaction      Hex/Erth       ######....   1%          4    None
 Blade Hands              Tmut           ######....   1%          5    ##.....
 Iron Shot                Conj/Erth      #######...   1%          6    ####...
 Starburst                Conj/Fire      ######....   1%          6    ####...
 Animate Skeleton         Necr           N/A          3%          1    None
 Corona                   Hex            ###....      3%          1    None
 Freeze                   Ice            ###.         3%          1    None
 Infusion                 Chrm           ###.         3%          1    None
 Pain                     Necr           ###.         3%          1    None
 Summon Butterflies       Summ           ###.....     3%          1    None
 Summon Small Mammal      Summ           ###.         3%          1    None
 Portal Projectile        Hex/Tloc       ####..       3%          3    None
 Recall                   Summ/Tloc      N/A          3%          3    None
 Ice Form                 Ice/Tmut       #####...     4%          4    None
 Passage of Golubria      Tloc           N/A          4%          4    None
 Iskenderun's Battlesphe  Conj/Chrm      ######..     4%          5    ##.....
 Lightning Bolt           Conj/Air       ######....   4%          5    ##.....
 Call Imp                 Summ           ###.....     5%          2    None
 Corpse Rot               Necr/Air       N/A          5%          2    None
 Ensorcelled Hibernation  Hex/Ice        ###...       5%          2    None
 Poisonous Vapours        Pois/Air       ###...       5%          2    None
 Slow                     Hex            ###.....     5%          2    None
 Song of Slaying          Chrm           ###.....     5%          2    None
 Sublimation of Blood     Necr           ###.......   5%          2    None
 Swiftness                Chrm/Air       ###.....     5%          2    None
 Hydra Form               Tmut           ######....   9%          6    ####...
 Call Canine Familiar     Summ           ###.....     11%         3    None
 Confusing Touch          Hex            ###.....     11%         3    None
 Frozen Ramparts          Ice            ###...       11%         3    None
 Ozocubu's Armour         Chrm/Ice       ###.....     11%         3    None
 Spectral Weapon          Hex/Chrm       ###.....     11%         3    None
 Summon Guardian Golem    Hex/Summ       ###.....     11%         3    None
 Tukima's Dance           Hex            ###.....     11%         3    None
 Vampiric Draining        Necr           ###.......   11%         3    None
 Alistair's Intoxication  Tmut/Pois      #####...     12%         5    ##.....
 Yara's Violent Unravell  Hex/Tmut       #####.....   12%         5    ##.....
 Airstrike                Air            ###.......   34%         4    None
 Animate Dead             Necr           N/A          34%         4    None
 Cause Fear               Hex            ###.......   34%         4    None
 Dispel Undead            Necr           ###.....     34%         4    None
 Olgreb's Toxic Radiance  Pois           ###.....     34%         4    None
 Summon Ice Beast         Ice/Summ       ###.....     34%         4    None
 Summon Forest            Summ/Tloc      ####......   34%         5    ##.....
 Ignition                 Fire           ######....   41%         8    #######
 Dragon Form              Tmut           ######....   43%         7    ######.
 Freezing Cloud           Conj/Ice/Air   #####.....   54%         6    ####...
 Eringya's Noxious Bog    Tmut/Pois      #####.....   56%         6    ####...
 Agony                    Necr           ###.....     67%         5    ##.....
 Aura of Abjuration       Summ           ###.......   67%         5    ##.....
 Excruciating Wounds      Chrm/Necr      ###.......   67%         5    ##.....
 Silence                  Hex/Air        ###.......   67%         5    ##.....
 Summon Demon             Summ           ###.......   67%         5    ##.....
 Summon Mana Viper        Hex/Summ       ###.....     67%         5    ##.....
 Ring of Flames           Chrm/Fire      ######....   77%         7    ######.
 Shatter                  Erth           #######...   86%         9    #######
 Darkness                 Hex            ###.......   99%         6    ####...
 Death Channel            Necr           ###.......   99%         6    ####...
 Invisibility             Hex            ###.....     99%         6    ####...
 Shadow Creatures         Summ           N/A          99%         6    ####...
 Simulacrum               Ice/Necr       ###.......   99%         6    ####...
 Malign Gateway           Summ/Tloc      ####......   100%        7    ######.
 Monstrous Menagerie      Summ           ###.......   100%        7    ######.
 Summon Greater Demon     Summ           ###.......   100%        7    ######.
 Summon Hydra             Summ           ###.......   100%        7    ######.
 Summon Horrible Things   Summ           ###.......   100%        8    #######


Dungeon Overview and Level Annotations

Branches:
Dungeon (15/15)            Temple (1/1) D:7            Lair (6/6) D:11
  Swamp (4/4) Lair:4        Snake (4/4) Lair:2        Slime (5/5) Lair:6
    Orc (2/2) D:10            Elf (3/3) Orc:2        Vaults (5/5) D:13
  Crypt (3/3) Vaults:2     Depths (0/5) D:15          Sewer (visited)
  IceCv (visited)         Volcano (visited)         Gauntlet (visited)
   Tomb: Crypt:3

Altars:
Dithmenos
Elyvilon
Fedhas
Gozag
Hepliaklqana
Kikubaaqudgha
Makhleb
Nemelex Xobeh
Okawaru
Qazlal
Ru
Sif Muna
Trog
Vehumet
Wu Jian
Xom
Yredelemnul
Zin
The Shining One
Jiyva

Shops:
D:9 *   Orc:2 *(=*   Elf:1 (   Vaults:2 [   Vaults:3 :

Portals:
Hell: Lair:6
Abyss: Crypt:1

Annotations:
Swamp:1 2 transporters, HoaS's ghost, adept GrBe
Orc:1 2 transporters, Hazorath's ghost, journeyman TrBe
Elf:2 3 runed translucent doors
Crypt:3 vamp double sword + fire staff
Abyss:4 1 transporter


Innate Abilities, Weirdness & Mutations

You can breathe blasts of fire.
Your fiery red scales are hard. (AC +12)
You cannot fit into any form of body armour.
Your flesh is heat resistant. (rF+)
You are cold-blooded and may be slowed by cold attacks.
You are clumsy. (Dex -2)


Message History

Unknown command.
You slash the bone dragon! You burn the bone dragon.
You tail-slap the bone dragon!
The bone dragon is severely damaged.
You block the bone dragon's attack. The bone dragon claws you!
* * * LOW HITPOINT WARNING * * *
You block the bone dragon's attack.
Unknown command.
You feel much better. The bone dragon bites you!
* * * LOW HITPOINT WARNING * * *
You emit a cloud of dark smoke.
You block the bone dragon's attack. x2
Unknown command.
Okay, then.
You are confused.
You feel invigorated. The bone dragon bites you!
* * * LOW HITPOINT WARNING * * *
The bone dragon claws you!
* * * LOW HITPOINT WARNING * * *
The bone dragon tramples you!!
You die...

. #..... .. .
... # ### #
##©X©# # ### #
# #######.. .#
#..# . #######
.... . . d
#.....#q.....#
#. ..
..©..'..... #
# .. u
.x..#..... #
.. ######
#D....# .
##D@+##### ##
. #d{###.. #X.
# . ##d .X§#
.§ ..# . #
##d..1.## §..
# #....XdX#§
..# .. .#'#{§X
...# #
..###.#© .#
...## ##### #
### # .


You could see a bone dragon, a tentacled starspawn and a small abomination.

Vanquished Creatures
  the Royal Jelly (Slime:5)
  Mennas (Crypt:3)
  Khufu (Crypt:2)
  2 ancient liches
  2 greater mummies
  Bai Suzhen (Vaults:2)
  Vashnia (Snake:3)
  Xtahua (Vaults:4)
  2 bone dragons
  Nikola (Elf:1)
  3 golden dragons (Vaults:5)
  2 tentacled monstrosities
  3 deep elf blademasters (Elf:3)
  6 liches
  7 titans (Vaults:5)
  18 acid blobs
  6 sphinxes
  2 tentacled starspawn
  Agnes (D:15)
  Gastronok (Lair:1)
  4 tengu reavers (Vaults:5)
  3 storm dragons (Vaults:5)
  10 ancient champions
  5 shadow dragons (Vaults:5)
  15 nagarajas
  Roxanne (Swamp:1)
  The ghost of Seguon the Thaumaturge, an adept DsEE of Gozag (Swamp:3)
  4 thorn hunters
  A revenant (Crypt:3)
  Kirke (Swamp:1)
  7 fire giants
  8 deep elf sorcerers
  12 azure jellies
  Aizul (Snake:3)
  A balrug (Gauntlet)
  3 frost giants
  18 vault wardens
  Louise (Swamp:1)
  An angel (Abyss:3)
  5 curse skulls
  11 stone giants
  4 deep elf elementalists
  A ghoul (Crypt:3)
  2 war gargoyles (Vaults:5)
  17 ironheart preservers
  7 very ugly things
  An entropy weaver (Vaults:3)
  5 vampire knights
  A minotaur (Gauntlet)
  A red draconian (Volcano)
  10 deep elf demonologists
  A dire elephant (Lair:6)
  8 deep elf annihilators
  13 deep elf death magi
  A quicksilver dragon zombie (Crypt:1)
  5 eidola
  8 death oozes
  6 fire dragons
  3 ettins
  3 great orbs of eyes
  4 jiangshi
  5 yaktaur captains
  4 ice dragons
  31 vault guards
  4 ghost crabs
  5 rakshasas
  7 deep elf high priests
  Erolcha (D:10)
  21 hydras
  24 anacondas
  Erica (Orc:1)
  2 anacondas (shapeshifter)
  16 naga warriors
  12 centaur warriors
  37 two-headed ogres
  A catoblepas (Lair:6)
  3 death knights
  2 shambling mangroves
  A tengu warrior (D:14)
  14 naga sharpshooters
  2 deep troll earth magi
  12 ogre magi
  11 dancing weapons
  2 vampire magi
  13 large abominations
  10 shock serpents
  3 orc high priests (Orc:2)
  14 alligators
  14 deep elf knights
  Sonja (Lair:4)
  11 small abominations
  A soul eater (Crypt:1)
  4 thrashing horrors
  6 spriggans
  4 shadow wraiths
  A titan skeleton (Crypt:3)
  2 fire crabs (Lair:4)
  2 sixfirhies
  28 skeletal warriors
  5 spriggan druids
  5 sea snakes
  4 salamander mystics
  2 wretched stars (Abyss:3)
  An unseen horror (Abyss:3)
  3 flayed ghosts
  4 glowing orange brains
  15 swamp dragons
  13 naga ritualists
  An anaconda skeleton (Crypt:2)
  6 deep trolls
  2 wolf spider zombies (Crypt:1)
  14 phantasmal warriors
  18 deep elf archers
  20 ironbrand convokers
  10 starcursed masses (Abyss:3)
  16 orc knights
  4 wizards
  A lindwurm (shapeshifter) (Vaults:5)
  A shadow dragon zombie (Crypt:1)
  8 necromancers
  60 deep elf magi
  A harpy (shapeshifter) (D:13)
  A wolf spider (shapeshifter) (Vaults:5)
  A cyclops (shapeshifter) (Abyss:3)
  4 oklob plants (Lair:1)
  7 wolf spiders
  A manticore (D:13)
  16 ugly things
  14 mana vipers
  A frost giant zombie (Crypt:3)
  3 shining eyes
  6 orc sorcerers
  11 cyclopes
  10 salamanders
  An iron dragon skeleton (Crypt:3)
  A moth of wrath (shapeshifter) (Vaults:5)
  2 stone giant skeletons
  8 elephants
  A fire giant zombie (Crypt:2)
  12 centaur zombies
  2 fire giant skeletons
  2 frost giant skeletons (Crypt:2)
  2 worldbinders (Abyss:3)
  Joseph (D:7)
  18 guardian serpents
  2 rust devils
  45 black mambas
  16 vault sentinels
  An apocalypse crab (Gauntlet)
  An ice statue (IceCv)
  2 molten gargoyles (Volcano)
  A smoke demon (Abyss:3)
  17 centaur skeletons
  4 orange demons
  A dire elephant zombie (Crypt:3)
  22 naga magi
  An elf skeleton (Vaults:5)
  2 human zombies
  A spiny frog (shapeshifter) (Vaults:5)
  29 yaktaurs
  An emperor scorpion zombie (Crypt:2)
  Maggie (D:10)
  11 freezing wraiths
  2 hellions (Abyss:4)
  4 efreet
  An eye of devastation (Slime:5)
  5 komodo dragons
  13 spiny frogs
  4 kobold demonologists
  6 rime drakes
  A komodo dragon (shapeshifter) (D:14)
  A gargoyle (D:12)
  A rime drake (shapeshifter) (D:13)
  An alligator snapping turtle skeleton (Crypt:2)
  9 ice devils
  An anaconda simulacrum (IceCv)
  2 ancient zymes
  2 golden dragon simulacra (IceCv)
  A hellwing (Lair:6)
  A harpy zombie (Crypt:1)
  A yaktaur skeleton (Vaults:5)
  8 guardian mummies (Crypt:3)
  Grinder (D:5)
  A queen bee (shapeshifter) (Vaults:3)
  5 trolls
  11 hornets
  11 blink frogs
  2 hornets (shapeshifter)
  2 harpy skeletons
  A wind drake (shapeshifter) (D:15)
  9 raiju (Abyss:3)
  22 tyrant leeches
  A shadow dragon simulacrum (Crypt:2)
  A polar bear (Lair:5)
  Prince Ribbit (D:6)
  An ettin zombie (Vaults:3)
  58 slime creatures
  2 hippogriffs (shapeshifter)
  9 bog bodies
  2 human simulacra
  A meliai zombie (Crypt:1)
  12 hippogriffs
  A frost giant simulacrum (Vaults:1)
  5 shadows
  A stone giant simulacrum (Crypt:2)
  2 fire dragon skeletons (Crypt:3)
  5 redbacks
  3 ice dragon skeletons
  A guardian serpent skeleton (Crypt:1)
  4 vampires
  3 air elementals (Elf:3)
  2 dire elephant simulacra (IceCv)
  Sigmund (D:5)
  46 yaks
  7 wyverns
  5 ynoxinuls
  4 fire elementals
  2 hogs (Swamp:1)
  10 wraiths
  A tarantella (shapeshifter) (Vaults:3)
  A basilisk (shapeshifter) (Vaults:1)
  5 fire bats
  A golden eye (shapeshifter) (Vaults:4)
  16 golden eyes
  6 basilisks
  3 hungry ghosts
  A human (D:11)
  A death yak simulacrum (IceCv)
  17 vampire mosquitoes
  6 neqoxecs
  Menkaure (D:6)
  4 harpy simulacra (IceCv)
  A soldier ant (shapeshifter) (Vaults:1)
  9 insubstantial wisps (Swamp:2)
  2 spatial vortices (Abyss:3)
  2 wargs
  A monstrous demonspawn zombie (Crypt:2)
  55 nagas
  A soldier ant (D:13)
  15 swamp worms
  A naga (shapeshifter) (Vaults:3)
  An iron troll simulacrum (IceCv)
  An acid dragon (D:14)
  11 water moccasins
  6 hell hounds (Lair:6)
  10 porcupines
  Duvessa (D:7)
  2 hydra simulacra (IceCv)
  A water moccasin (shapeshifter) (Abyss:3)
  A faun skeleton (Crypt:1)
  2 hornet zombies
  10 sky beasts
  A merfolk skeleton (Crypt:2)
  43 orc warriors
  7 eyes of draining
  3 elf zombies
  8 ice beasts
  26 ogres
  13 swamp drakes
  A black bear (D:12)
  2 necrophages (Crypt:3)
  13 wolves
  An ice dragon simulacrum (Abyss:2)
  A boggart (Vaults:1)
  16 centaurs
  A dream sheep skeleton (Crypt:3)
  2 manticore skeletons (Crypt:3)
  A snapping turtle skeleton (Crypt:3)
  A komodo dragon zombie (Crypt:2)
  18 crocodiles
  A yaktaur zombie (Vaults:1)
  7 big kobolds
  Blork the orc (D:6)
  4 earth elementals
  20 bullfrogs
  A human skeleton (Vaults:3)
  A gnoll sergeant (D:11)
  A glowing shapeshifter simulacrum (Vaults:1)
  3 wyvern skeletons
  Dowan (D:7)
  A scorpion (D:9)
  A water moccasin skeleton (D:10)
  18 killer bees
  20 wights
  5 electric eels
  A vampire bat (D:4)
  A yak skeleton (Crypt:2)
  4 howler monkeys
  5 crimson imps
  2 quasits
  A bullfrog zombie (D:9)
  18 orc priests
  A draconian simulacrum (IceCv)
  2 hounds
  36 orc wizards
  Crazy Yiuf (D:6)
  A gnoll shaman (D:10)
  A bullfrog skeleton (D:7)
  7 jellies
  An iron imp (Abyss:3)
  A porcupine zombie (Crypt:3)
  Terence (D:3)
  5 iguanas
  10 worker ants
  2 troll simulacra (IceCv)
  2 wolf simulacra (IceCv)
  A deep dwarf zombie (Crypt:3)
  An ogre zombie (Crypt:2)
  A big kobold skeleton (Crypt:3)
  2 centaur simulacra (IceCv)
  A naga zombie (Crypt:1)
  3 hound zombies
  A mummy (Crypt:3)
  A hound skeleton (D:6)
  2 worker ant zombies
  22 gnolls
  2 ogre simulacra (IceCv)
  21 adders
  4 naga simulacra (IceCv)
  3 river rats (Sewer)
  3 shadow imps
  8 white imps
  6 ufetubi
  3 adder skeletons
  An adder zombie (D:8)
  4 worms
  A dart slug (D:3)
  8 leopard geckos
  134 orcs
  8 giant cockroaches
  8 goblins
  9 hobgoblins
  8 jackals
  42 kobolds
  2 quokkas
  6 ball pythons
  23 bats
  2 frilled lizards
  A gnoll skeleton (Crypt:2)
  A quokka skeleton (D:9)
  13 rats
  A rat zombie (Crypt:2)
  2 crawling corpses (Elf:3)
  A lurking horror (Abyss:4)
  A plant (Lair:1)
2327 creatures vanquished.

Vanquished Creatures (collateral kills)
  An Ice Fiend (IceCv)
  A vault guard (Vaults:4)
  A freezing wraith (IceCv)
  An ice devil (IceCv)
  A death yak simulacrum (IceCv)
  A harpy simulacrum (IceCv)
6 creatures vanquished.

Vanquished Creatures (others)
  A deep elf death mage (Elf:3)
  A vault guard (Vaults:5)
  A shambling mangrove (Swamp:2)
  An ogre mage (Vaults:1)
  A deep elf knight (Elf:2)
  A swamp dragon (Swamp:1)
  A naga mage (Snake:4)
  2 golden dragon simulacra (IceCv)
  A hippogriff (Lair:6)
  A wyvern (Lair:6)
  A hog (Swamp:1)
  A naga (Snake:4)
  An orc warrior (Vaults:4)
  A swamp drake (Swamp:2)
  2 ogres
  An earth elemental (Elf:2)
  An orc priest (Orc:2)
  A white imp (IceCv)
  A fire vortex (Lair:6)
  5 fungi
  A lurking horror (Abyss:4)
  6 plants
  2 starspawn tentacles (Abyss:4)
  6 toadstools (Swamp:1)
41 creatures vanquished.

Grand Total: 2374 creatures vanquished

Notes
Turn   | Place    | Note
-------+----------+-------------------------------------------
     0 | D:1      | mopl the Draconian Earth Elementalist began the quest for
                  | the Orb.
     0 | D:1      | Reached XP level 1. HP: 14/14 MP: 3/3
   364 | D:1      | Reached XP level 2. HP: 15/20 MP: 0/5
   449 | D:1      | Learned a level 2 spell: Passwall
   970 | D:1      | Reached XP level 3. HP: 26/26 MP: 6/6
  1102 | D:1      | Learned a level 3 spell: Stone Arrow
  1295 | D:2      | Found an ornate altar of the Wu Jian Council.
  1498 | D:2      | Reached XP level 4. HP: 33/33 MP: 8/8
  2263 | D:3      | Reached skill level 4 in Earth Magic
  2330 | D:3      | Reached skill level 1 in Conjurations
  2334 | D:3      | Reached XP level 5. HP: 15/38 MP: 0/10
  2558 | D:3      | Noticed Terence
  2703 | D:3      | Learned a level 4 spell: Petrify
  2729 | D:3      | Killed Terence
  3207 | D:4      | Got an iridescent long sword
  3208 | D:4      | Identified the +11 long sword of the Eggplant {venom, rPois
                  | MR+++ Str+2 Dex-2} (You found it on level 4 of the Dungeon)
  3215 | D:4      | Reached XP level 6. HP: 22/45 MP: 11/11
  3386 | D:4      | Reached skill level 5 in Earth Magic
  3435 | D:4      | Your scales start taking on a fiery red colour.
  3435 | D:4      | Reached XP level 7. HP: 34/50 MP: 13/13
  3435 | D:4      | Gained mutation: Your flesh is heat resistant. (rF+) [Red
                  | Draconian growth]
  3460 | D:4      | Found a glowing drain.
  3483 | Sewer    | Entered a sewer
  4114 | D:4      | Found an ancient bone altar of Kikubaaqudgha.
  4369 | D:5      | Entered Level 5 of the Dungeon
  4480 | D:5      | Noticed Sigmund
  4490 | D:5      | Killed Sigmund
  4496 | D:5      | Got a steaming long sword
  4497 | D:5      | Identified the cursed +3 long sword of Vulec {speed, rF+
                  | rC+} (You found it on level 5 of the Dungeon)
  4539 | D:5      | Noticed Grinder
  4550 | D:5      | Killed Grinder
  4550 | D:5      | Reached skill level 5 in Spellcasting
  4550 | D:5      | Reached skill level 6 in Earth Magic
  4550 | D:5      | Reached XP level 8. HP: 52/57 MP: 15/15
  4708 | D:5      | Noticed an angel
  4709 | D:5      | Found a shimmering altar of Xom.
  4711 | D:5      | Found a glowing silver altar of Zin.
  4735 | D:5      | Got a polished trident
  4736 | D:5      | Identified the cursed +1 trident "Cyaka" {vorpal, +Blink
                  | Str+7} (You found it on level 5 of the Dungeon)
  4742 | D:5      | Found a bloodstained altar of Trog.
  5070 | D:5      | Learned a level 5 spell: Lee's Rapid Deconstruction
  5152 | D:6      | Noticed Blork the orc
  5153 | D:6      | Noticed Prince Ribbit
  5162 | D:6      | Killed Blork the orc
  5166 | D:6      | Killed Prince Ribbit
  5166 | D:6      | Reached skill level 1 in Long Blades
  5166 | D:6      | Reached skill level 1 in Evocations
  5216 | D:6      | Noticed Menkaure
  5218 | D:6      | Killed Menkaure
  5277 | D:6      | Found a runed translucent door.
  5278 | D:6      | Noticed Crazy Yiuf
  5387 | D:6      | Reached skill level 7 in Earth Magic
  5429 | D:6      | Reached XP level 9. HP: 62/62 MP: 18/18
  5525 | D:6      | Found a basalt altar of Yredelemnul.
  5540 | D:6      | Got a dazzling rapier
  5777 | D:6      | Identified the +9 rapier of the Shoals {vamp, *Noise +Rage
                  | +Fly} (You found it on level 6 of the Dungeon)
  6012 | D:6      | Killed Crazy Yiuf
  6061 | D:7      | Noticed Duvessa
  6061 | D:7      | Noticed Dowan
  6108 | D:7      | Killed Dowan
  6167 | D:7      | Noticed Joseph
  6174 | D:7      | Killed Duvessa
  6298 | D:7      | Killed Joseph
  6298 | D:7      | Reached skill level 5 in Stealth
  6589 | D:7      | Reached skill level 5 in Transmutations
  6597 | D:7      | Reached skill level 8 in Earth Magic
  6678 | D:7      | Found a staircase to the Ecumenical Temple.
  6704 | Temple   | Entered the Ecumenical Temple
  6726 | Temple   | Became a worshipper of Dithmenos the Shadowed
  7064 | D:8      | Reached XP level 10. HP: 65/69 MP: 21/21
  7245 | D:8      | Reached skill level 1 in Invocations
  7245 | D:8      | Noticed a two-headed ogre
  7276 | D:8      | Killed a two-headed ogre
  7485 | D:8      | Noticed a cyan ugly thing
  7514 | D:8      | Noticed a two-headed ogre
  7523 | D:8      | Killed a two-headed ogre
  7546 | D:8      | Reached * piety under Dithmenos
  7661 | D:8      | Found a sacrificial altar of Ru.
  7688 | D:8      | Found a glowing golden altar of the Shining One.
  7689 | D:8      | Found a burning altar of Makhleb.
  7692 | D:8      | Found a blossoming altar of Fedhas.
  7693 | D:8      | Found a stormy altar of Qazlal.
  7852 | D:9      | Reached skill level 9 in Earth Magic
  7931 | D:9      | Found Sumao's Assorted Antiques.
  7968 | D:9      | Bought a scroll of identify for 46 gold pieces
  7968 | D:9      | Bought a scroll of identify for 46 gold pieces
  7968 | D:9      | Bought a tubular pearl ring for 115 gold pieces
  8190 | D:9      | Noticed a two-headed ogre
  8198 | D:9      | Killed a two-headed ogre
  8485 | D:10     | Entered Level 10 of the Dungeon
  8498 | D:10     | Noticed Maggie
  8523 | D:10     | Killed Maggie
  8523 | D:10     | Reached skill level 1 in Shields
  8578 | D:10     | Reached XP level 11. HP: 74/74 MP: 23/23
  8605 | D:10     | Killed a cyan ugly thing
  8605 | D:10     | Reached ** piety under Dithmenos
  8767 | D:10     | Noticed Erolcha
  8811 | D:10     | Killed Erolcha
  8947 | D:10     | Found a staircase to the Orcish Mines.
  9004 | D:10     | Reached *** piety under Dithmenos
  9333 | D:10     | Reached skill level 5 in Evocations
 10006 | D:11     | Noticed a cyan ugly thing
 10032 | D:11     | Killed a cyan ugly thing
 10032 | D:11     | Reached skill level 5 in Long Blades
 10120 | D:11     | Found a white marble altar of Elyvilon.
 10153 | D:11     | Noticed a two-headed ogre
 10177 | D:11     | Killed a two-headed ogre
 10177 | D:11     | Reached skill level 10 in Earth Magic
 10432 | D:11     | Reached **** piety under Dithmenos
 10657 | D:11     | You fall into a shaft and drop 1 floor!
 10776 | D:12     | Noticed a two-headed ogre
 10782 | D:12     | Killed a two-headed ogre
 10969 | D:11     | Reached XP level 12. HP: 77/81 MP: 25/25
 11023 | D:11     | Reached skill level 5 in Invocations
 11106 | D:11     | Found a staircase to the Lair.
 11299 | D:11     | Reached ***** piety under Dithmenos
 11622 | D:12     | Reached skill level 1 in Fighting
 11987 | D:12     | Reached skill level 11 in Earth Magic
 12217 | Orc:1    | Entered Level 1 of the Orcish Mines
 12312 | Orc:1    | Noticed Erica
 12329 | Orc:1    | Killed Erica
 12697 | Orc:1    | Found a transporter.
 12826 | Orc:1    | Noticed Hazorath's ghost (journeyman TrBe)
 12855 | Orc:1    | Found a transporter.
 13230 | Lair:1   | Entered Level 1 of the Lair of Beasts
 13323 | Orc:2    | Entered Level 2 of the Orcish Mines
 13323 | Orc:2    | Found an iron altar of Okawaru.
 13473 | Orc:2    | Found a staircase to the Elven Halls.
 13876 | Orc:2    | Noticed an orc high priest
 13876 | Orc:2    | Noticed an orc high priest
 13895 | Orc:2    | Killed an orc high priest
 14005 | Orc:2    | Noticed an orc high priest
 14256 | Orc:2    | Killed an orc high priest
 14305 | Orc:2    | Killed an orc high priest
 14305 | Orc:2    | Reached XP level 13. HP: 76/95 MP: 26/26
 14394 | Orc:2    | Found Xuubetuu's General Store.
 14394 | Orc:2    | Found Wyud's General Store.
 14396 | Orc:2    | Found Sehaam's Weapon Shop.
 14396 | Orc:2    | Found Puucy's Jewellery Shoppe.
 14402 | Orc:2    | Bought a scroll of identify for 28 gold pieces
 14402 | Orc:2    | Bought 2 scrolls of teleportation for 84 gold pieces
 14402 | Orc:2    | Bought a potion of curing for 42 gold pieces
 14402 | Orc:2    | Bought a scroll of identify for 28 gold pieces
 14402 | Orc:2    | Bought a potion of brilliance for 56 gold pieces
 14516 | Orc:2    | Reached ****** piety under Dithmenos
 15513 | Lair:1   | Noticed Gastronok
 15543 | Lair:1   | Killed Gastronok
 15543 | Lair:1   | Reached skill level 12 in Earth Magic
 16466 | Lair:2   | Found a staircase to the Snake Pit.
 18279 | Lair:4   | Found a staircase to the Swamp.
 18331 | Lair:4   | Found a transporter.
 18358 | Lair:4   | Noticed Sonja
 18371 | Lair:4   | Killed Sonja
 18371 | Lair:4   | Reached skill level 5 in Fighting
 18475 | Lair:4   | Found a transporter.
 19252 | Lair:4   | Reached skill level 5 in Dodging
 19479 | Lair:5   | Reached XP level 14. HP: 25/107 MP: 27/27
 20235 | Lair:6   | Entered Level 6 of the Lair of Beasts
 20253 | Lair:6   | Found a viscous altar of Jiyva.
 20253 | Lair:6   | Found a staircase to the Slime Pits.
 20274 | Lair:6   | Found a dark tunnel.
 20280 | Volcano  | Entered a volcano
 20322 | Volcano  | Found a bloodstained altar of Trog.
 20336 | Volcano  | Reached skill level 13 in Earth Magic
 20422 | Volcano  | Reached skill level 10 in Long Blades
 20422 | Volcano  | Reached XP level 15. HP: 101/115 MP: 20/28
 20481 | Lair:6   | Found a gate leading to a gauntlet.
 20491 | Gauntlet | Entered a Gauntlet
 20491 | Gauntlet | Found a transporter.
 20491 | Gauntlet | Found a transporter.
 20492 | Gauntlet | Found a runed translucent door.
 20495 | Gauntlet | Found a transporter.
 20496 | Gauntlet | Found a transporter.
 20496 | Gauntlet | Found a transporter.
 20534 | Gauntlet | Found a transporter.
 20537 | Gauntlet | Found a transporter.
 20537 | Gauntlet | Found a transporter.
 20550 | Gauntlet | Found a transporter.
 20565 | Gauntlet | Found a transporter.
 20574 | Gauntlet | Found the +8 demon blade "Leech" {vamp, *Rage +Rage rN+}
 20575 | Gauntlet | Found a transporter.
 20590 | Gauntlet | Found a transporter.
 20609 | Gauntlet | Found a transporter.
 20621 | Gauntlet | Found a transporter.
 20712 | Gauntlet | Got a pair of transparent boots
 20718 | Gauntlet | Identified the cursed -4 pair of boots of the Skies Above
                  | {Int+5 Dex-2} (You found it in a Gauntlet)
 20816 | Gauntlet | Got a steaming brass amulet
 20819 | Gauntlet | Identified the amulet of Panentheism {Reflect *Slow rElec
                  | Dex+3 SH+5 Stlth+} (You found it in a Gauntlet)
 22581 | Lair:6   | Found a burning altar of Makhleb.
 22809 | Lair:6   | Found a gateway to Hell.
 23460 | Lair:1   | Identified the Catalogue of Contamination and Good Luck
 24126 | D:13     | Found a gate to the Vaults.
 24862 | D:14     | Reached XP level 16. HP: 57/126 MP: 29/29
 24895 | D:14     | Found a sacrificial altar of Ru.
 25233 | D:15     | Entered Level 15 of the Dungeon
 25312 | D:15     | Noticed Agnes
 25387 | D:15     | Killed Agnes
 25387 | D:15     | Reached skill level 14 in Earth Magic
 25756 | D:15     | Reached skill level 10 in Stealth
 25822 | D:15     | Reached skill level 10 in Transmutations
 25979 | D:15     | Found the +12 Vampire's Tooth {vamp}
 26262 | D:15     | Found a staircase to the Depths.
 26704 | Swamp:1  | Entered Level 1 of the Swamp
 26852 | Swamp:1  | Found a transporter.
 26854 | Swamp:1  | Noticed HoaS's ghost (adept GrBe)
 26914 | Swamp:1  | Found a transporter.
 26989 | Swamp:1  | Noticed Louise
 27021 | Swamp:1  | Killed Louise
 27021 | Swamp:1  | Reached skill level 5 in Shields
 27315 | Swamp:1  | Noticed a thorn hunter
 27331 | Swamp:1  | Killed a thorn hunter
 27463 | Swamp:1  | Noticed Kirke
 27563 | Swamp:1  | Killed Kirke
 27792 | Swamp:1  | Noticed Roxanne
 27799 | Swamp:1  | Killed Roxanne
 27881 | Swamp:1  | Reached skill level 10 in Invocations
 27989 | Swamp:2  | Noticed a thorn hunter
 28009 | Swamp:2  | Killed a thorn hunter
 28605 | Swamp:2  | HP: 5/129 [hornet[a shambling mangrove] (15)]
 28896 | Swamp:2  | Paralysed by a hornet for 3 turns
 29344 | Swamp:3  | Found a large runed translucent door.
 29344 | Swamp:3  | Found a large runed translucent door.
 29347 | Swamp:3  | Identified the amulet of Fasij {Reflect Int+4 SH+5 Stlth+}
                  | (You found it on level 3 of the Swamp)
 29355 | Swamp:3  | Noticed a tentacled monstrosity
 29424 | Swamp:3  | Reached XP level 17. HP: 136/136 MP: 30/30
 29556 | Swamp:3  | Identified a scroll of acquirement
 29852 | Swamp:3  | Learned a level 6 spell: Statue Form
 29858 | Swamp:3  | Learned a level 5 spell: Bolt of Magma
 29870 | Swamp:3  | Killed a tentacled monstrosity
 29870 | Swamp:3  | Reached skill level 1 in Fire Magic
 29890 | Swamp:3  | Noticed Seguon's ghost (adept DsEE)
 29943 | Swamp:3  | Killed Seguon's ghost
 30475 | Elf:1    | Entered Level 1 of the Elven Halls
 30848 | Elf:1    | Identified the Catalogue of the Jolly Artists
 30883 | Elf:1    | Learned a level 5 spell: Fireball
 31200 | Elf:1    | Found Fiynetus's Weapon Shoppe.
 31328 | Elf:1    | Noticed Nikola
 31378 | Elf:1    | Killed Nikola
 31902 | Elf:2    | Found a shimmering blue altar of Sif Muna.
 32027 | Elf:2    | Reached skill level 5 in Conjurations
 32265 | Elf:2    | Found a runed translucent gate.
 32265 | Elf:2    | Found a runed translucent gate.
 32268 | Elf:2    | Found a runed translucent gate.
 32269 | Elf:2    | Reached skill level 5 in Fire Magic
 32346 | Elf:3    | Entered Level 3 of the Elven Halls
 33327 | Elf:3    | Identified the +8 ring mail "Azeguc" {-Cast Str+6}
 33632 | Elf:3    | Noticed a Hell Sentinel
 33633 | Elf:3    | Reached XP level 18. HP: 145/147 MP: 25/31
 33679 | Elf:3    | Noticed a Tzitzimitl
 33707 | Elf:3    | Identified the +2 buckler of the Yeti {rCorr Str+2}
 33723 | Elf:3    | Reached skill level 10 in Fighting
 34191 | Elf:3    | Reached skill level 10 in Spellcasting
 34678 | Elf:3    | Identified the cursed +1 scale mail "Lafuad" {rPois Regen+
                  | Stlth-}
 35205 | Elf:3    | Identified the +3 ring mail of Uskayaw's Respect {Str+2
                  | Dex+6}
 35351 | Elf:3    | Identified the Guide on Good Luck
 35375 | Elf:3    | Learned a level 5 spell: Irradiate
 35449 | Elf:3    | Identified the Papyrus of Summoning
 35455 | Elf:3    | Identified the Handbook of Flying Execration
 35805 | Snake:1  | Entered Level 1 of the Snake Pit
 35921 | Snake:1  | Found a frozen archway.
 35940 | IceCv    | Entered an ice cave
 36600 | IceCv    | Noticed an Ice Fiend
 36673 | IceCv    | Killed an Ice Fiend
 36948 | Snake:1  | Found a hazy altar of Hepliaklqana.
 38059 | Snake:2  | Reached XP level 19. HP: 156/156 MP: 25/33
 38079 | Snake:2  | Reached skill level 15 in Earth Magic
 38169 | Snake:2  | Found a shimmering altar of Xom.
 38533 | Snake:2  | Got the ring "Luruw" {rF+ rN+ MP+9}
 38840 | Snake:3  | Noticed Vashnia
 39001 | Snake:3  | Identified the Guide on Transformation and Stolen Souls
 39915 | Snake:3  | Reached skill level 10 in Fire Magic
 40289 | Snake:3  | Reached skill level 15 in Long Blades
 40302 | Snake:3  | Killed Vashnia
 40403 | Snake:3  | Noticed Aizul
 40413 | Snake:3  | Killed Aizul
 40681 | Snake:4  | Entered Level 4 of the Snake Pit
 41360 | Snake:4  | Reached skill level 10 in Dodging
 41687 | Snake:4  | Reached XP level 20. HP: 166/166 MP: 31/35
 41793 | Snake:4  | HP: 2/166 [poisoned by a black mamba]
 42518 | Snake:4  | Got a serpentine rune of Zot
 42972 | Swamp:4  | Entered Level 4 of the Swamp
 43000 | Swamp:4  | Reached skill level 10 in Conjurations
 43585 | Swamp:4  | Got a decaying rune of Zot
 43961 | Vaults:1 | Entered Level 1 of the Vaults
 44142 | Vaults:1 | Reached skill level 10 in Shields
 44870 | Vaults:1 | Reached XP level 21. HP: 174/174 MP: 31/36
 45714 | Vaults:2 | Noticed Bai Suzhen
 45747 | Vaults:2 | Killed Bai Suzhen
 45765 | Vaults:2 | Reached skill level 16 in Earth Magic
 45897 | Vaults:2 | Paralysed by an ogre mage for 4 turns
 46206 | Vaults:2 | Found Cigh's Antique Armour Shop.
 46766 | Vaults:2 | Found a staircase to the Crypt.
 46949 | Vaults:3 | Identified the amulet "Gihiemp" {Spirit +Inv rF+}
 47633 | Vaults:3 | Found Unwoylup's Book Shop.
 48020 | Vaults:4 | Reached XP level 22. HP: 185/185 MP: 33/38
 48113 | Vaults:4 | Noticed Xtahua
 48124 | Vaults:4 | Killed Xtahua
 49223 | Crypt:1  | Entered Level 1 of the Crypt
 49284 | Crypt:1  | HP: 7/243 [something (31)]
 49533 | Crypt:1  | Identified the +5 mace of Afouqos {freeze, *Slow rC+ Str+4
                  | SInv}
 49978 | Crypt:1  | Found a shimmering altar of Xom.
 49995 | Crypt:1  | Found a one-way gate to the infinite horrors of the Abyss.
 50123 | Crypt:1  | Identified the +1 pair of boots of Past Mistakes {MR++}
                  | (You found it on level 1 of the Crypt)
 50269 | Crypt:1  | Found the +9 sword of Zonguldrok {reap}
 51286 | Crypt:2  | Paralysed by something for 5 turns
 51525 | Crypt:2  | Found the +2 Maxwell's thermic engine {flame, freeze}
 51602 | Crypt:2  | Identified the +9 battleaxe "Illorr" {flame, rF+ Str+3}
                  | (You found it on level 2 of the Crypt)
 51931 | Crypt:3  | Entered Level 3 of the Crypt
 52052 | Crypt:3  | Noticed a greater mummy
 52054 | Crypt:3  | Noticed Mennas
 52056 | Crypt:3  | Noticed Khufu
 52065 | Crypt:3  | Noticed a greater mummy
 52119 | Crypt:3  | Reached XP level 23. HP: 64/195 MP: 39/39
 52322 | Crypt:3  | Killed Mennas
 52662 | Crypt:3  | Learned a level 2 spell: Blink
 52664 | Crypt:3  | Learned a level 1 spell: Apportation
 52863 | Crypt:2  | Killed a greater mummy
 52863 | Crypt:2  | Reached skill level 1 in Translocations
 52999 | Crypt:3  | Killed a greater mummy
 52999 | Crypt:3  | Reached skill level 17 in Earth Magic
 53192 | Crypt:2  | Killed Khufu
 53483 | Crypt:3  | Identified the +1 leather armour of the Tormentor {rF+}
 53800 | Crypt:3  | Noticed an ancient lich
 53806 | Crypt:3  | Killed an ancient lich
 53836 | Crypt:3  | Identified the +5 falchion "Feunad" {vorpal, MR+} (You
                  | found it on level 3 of the Crypt)
 53839 | Crypt:3  | Identified the +7 war axe of the Undead {vorpal, Int+4}
                  | (You found it on level 3 of the Crypt)
 54246 | Slime:1  | Entered Level 1 of the Pits of Slime
 54607 | Slime:5  | Entered Level 5 of the Pits of Slime
 54796 | Slime:5  | Reached skill level 15 in Conjurations
 54970 | Slime:5  | Found a viscous altar of Jiyva.
 54971 | Slime:5  | Noticed the Royal Jelly
 54982 | Slime:5  | Killed the Royal Jelly
 55052 | Slime:5  | Got a pair of faintly humming gloves
 55054 | Slime:5  | Identified the +2 pair of gloves "Wuixix" {rPois MP+9 Str+9
                  | Dex-2} (You found it on level 5 of the Pits of Slime)
 55093 | Slime:5  | Got a slimy rune of Zot
 55097 | Slime:5  | Got a slimy glass ring
 55098 | Slime:5  | Identified the ring of Kuwoge Guse {+Fly Str+6 Stlth-} (You
                  | found it on level 5 of the Pits of Slime)
 55541 | Vaults:5 | Entered Level 5 of the Vaults
 55629 | Vaults:5 | Reached XP level 24. HP: 43/204 MP: 40/40
 55630 | Vaults:5 | HP: 11/265 [titan/the air (18)]
 55954 | Vaults:5 | Reached skill level 5 in Translocations
 56060 | Vaults:5 | Learned a level 5 spell: Borgnjor's Vile Clutch
 56231 | Vaults:5 | Reached skill level 15 in Fighting
 56277 | Vaults:5 | Identified the +1 long sword of Capital Punishment {freeze,
                  | rElec MR+ Stlth-}
 56295 | Vaults:5 | Identified the +6 dagger "Cinuenegh" {freeze, +Blink rF+
                  | rC+ Str-3}
 56342 | Vaults:5 | Identified the +3 leather armour "Viarph" {-Cast rF+ rN+
                  | Stlth+}
 56414 | Vaults:5 | Reached skill level 15 in Fire Magic
 56668 | Vaults:5 | Identified the ring "Bizoutt" {rN+ MP+9 Int+2 Dex-2 Slay+5}
 56966 | Vaults:5 | Reached skill level 18 in Earth Magic
 57115 | Vaults:5 | Identified the Grimoire of Evil
 57155 | Vaults:5 | Noticed an ancient lich
 57180 | Vaults:5 | Killed an ancient lich
 57363 | Vaults:5 | Got a silver rune of Zot
 57391 | Vaults:5 | Reached XP level 25. HP: 216/216 MP: 41/41
 58146 | Crypt:1  | Voluntarily entered the Abyss.
 58197 | Abyss:2  | Found a corrupted altar of Lugonu.
 58658 | Abyss:3  | Found a corrupted altar of Lugonu.
 59864 | Abyss:4  | Gained mutation: You are clumsy. (Dex -2) [a neqoxec]
 60067 | Abyss:4  | Found a transporter.
 60102 | Abyss:4  | Found a transporter.
 60109 | Abyss:4  | Got an abyssal rune of Zot
 60120 | Abyss:4  | Slain by a bone dragon

Illustrated notes

Levels and vault maps discovered:
D:1:      ncdulo_wetmaze, layout_loops_corners, serial_forest,
          infiniplex_forest_clump_curved, infiniplex_forest_lined_3_way,
          infiniplex_forest_lined_room_, infiniplex_forest_clump_large,
          ebering_dispersal_statue_hall, minmay_door_square
D:2:      layout_basic, overflow_temple_1_default
D:3:      minmay_recursive_quarters, layout_basic, first_ration,
          grunt_ministairs_11, uniq_terence
D:4:      cheibrodos_thug_alley, layout_cave_pools, marbit_many_paths,
          gup_sewer_entry_pipe, roderic_batcave, glass_columns_b
D:5:      layout_gridville, grunt_temple_overflow_order_and_chaos_1,
          bloody_trog, uniq_grinder, uniq_sigmund
D:6:      layout_cave_pods, overflow_temple_1_default,
          nicolae_underground_beach, uniq_crazy_yiuf_cottage, uniq_menkaure,
          uniq_prince_ribbit1, uniq_blork_the_orc
D:7:      layout_cave_pools, minmay_temple_entry_hall, uniq_duvessa, uniq_joseph
D:8:      kennysheep_blocky_room, layout_basic, minitemple
D:9:      layout_roguey, serial_shops, nicolae_shop_competitors_out_of_business
D:10:     layout_basic, hiddenorc2_lemuel, uniq_erolcha, uniq_maggie
D:11:     layout_grid_maze, minmay_lair_entry_grove, basic_altar, grunt_pizzeria
D:12:     layout_long_grid, amethyst_killhole, chequers_mini_garden
D:13:     layout_loops_corners, david_vaults_2, serial_rivers,
          chequers_serial_rivers_small_a, chequers_serial_rivers_micro_a,
          chequers_serial_rivers_room_a, chequers_serial_rivers_room_a
D:14:     layout_roguey, nicolae_ru_awakened_eye, chequers_serial_rivers_marsh
D:15:     grunt_enter_depths_hoard, layout_irregular_city,
          minmay_misc_feat_plants, grunt_ministairs_10,
          minmay_guarded_unrand_vampires_tooth, uniq_agnes
Temple:   nicolae_temple_hex_pool
Lair:1:   statuecave_lemuel, layout_long_grid, minmay_lair_oklob_chamber,
          uniq_gastronok
Lair:2:   layout_small_grid, guppyfry_snake_entry_island, lemuel_fruit_fields,
          grunt_megastairs_5, serial_bayou_shore_b
Lair:3:   layout_long_grid
Lair:4:   gammafunk_cloud_chamber, layout_layer_cave, minmay_swamp_entry_worms,
          beast_lair_carwin_1, serial_bayou_shore_a, grunt_megastairs_3,
          uniq_sonja
Lair:5:   layout_gridlike, beast_lair_carwin_8, lemuel_fruit_tree,
          serial_bayou_shore_b
Lair:6:   evil_forest, layout_gridlike, slime_altar_1, enter_volcano_2,
          special_room [special_room_mythical_zoo], gauntlet_entry_generic,
          lemuel_old_faithful
Swamp:1:  cheibrodos_swamp_tower_of_moss, layout_falls_marsh,
          gammafunk_ghost_mausoleum, nicolae_swamp_trees_clearing, uniq_louise,
          uniq_roxanne, uniq_kirke
Swamp:2:  layout_basic_swamp, evilmike_swamp_ruin_house_2, swamp_pool4
Swamp:3:  layout_basic_swamp, ebering_ghost_disaster_area,
          hangedman_swamp_ruin_wall
Swamp:4:  swamp, layout_basic_swamp
Snake:1:  onia_ninara_swampy_vault, layout_gridlike,
          portal_ice_cave_entry_pillars_four, basic_altar
Snake:2:  layout_cave_pods, basic_altar
Snake:3:  layout_layer_cave, guppyfry_snake_island, uniq_aizul, uniq_vashnia
Snake:4:  grunt_snake_rune_serpentine_throne, layout_cave_town, st_stairs_13,
          drop_trap
Slime:1:  layout_caves
Slime:2:  layout_caves
Slime:3:  layout_caves
Slime:4:  layout_caves
Slime:5
Orc:1:    layout_caves, gammafunk_ghost_berserking_beasts,
          guppyfry_library_mini, uniq_erica
Orc:2:    grunt_orc_tribal_feast, layout_diamond_mine, okawaru_metal_pillars_3
Elf:1:    eino_elf_arrival_the_gate, layout_loops_corners, serial_shops,
          nicolae_shop_waterfront, minmay_elf_demonology,
          minmay_misc_feat_ornament, uniq_nikola
Elf:2:    layout_geoelf_diagonals, basic_altar
Elf:3:    minmay_elf_hall_quartered_circle, layout_geoelf_castle
Vaults:1: nicolae_vaults_ninety_degrees, v_misc_30, v_misc_18,
          nicolae_vaults_stairing_the_circle, v_misc_17,
          nicolae_vaults_little_squares_2, hangedman_vaults_river_flow,
          nicolae_vaults_hallways_thing, vaults_room_corners, st_cross,
          v_misc_19, ontoclasm_vaults_claustrophobia, vaults_mumra_lcd,
          vaults_dpeg_ring, layout_vaults_big_cross
Vaults:2: ontoclasm_vaults_eye, minmay_crypt_entry_simple_box, vaults_mumra_hex,
          vaults_mumra_hexcomb, nicolae_vaults_little_squares_3,
          ontoclasm_vaults_spin, grunt_vaults_diagonal,
          nicolae_vaults_little_squares_1, nicolae_vaults_ring_of_whatevers,
          nicolae_vaults_asterisk, nicolae_vaults_mini_display_case,
          layout_vaults_quadrants, serial_shops, shop, uniq_bai_suzhen
Vaults:3: nicolae_vaults_triangles, hangedman_vaults_variations,
          hangedman_vaults_stretched_pinwheel, nicolae_vaults_alarming,
          vaults_room_large_hall, grunt_vaults_focal, vaults_room_pools,
          v_alt_pattern_6, v_pattern_3, v_misc_24, v_misc_4,
          layout_vaults_omnibox, serial_shops, shop_statue
Vaults:4: hangedman_vaults_stream, hangedman_vaults_restitches, v_pattern_1,
          nicolae_vaults_ring_of_whatevers, vaults_room_door_hall,
          nicolae_vaults_network_s, nicolae_vaults_twisting_passages,
          vaults_room_octagon, nicolae_vaults_little_squares_6, v_misc_22,
          vaults_mumra_chevron, layout_vaults_maze, uniq_xtahua
Vaults:5
Crypt:1:  due_chaos_kobolds, layout_rooms, minmay_misc_feat_rows,
          minmay_guarded_unrand_zonguldrok, grunt_crypt_arrival_webbed
Crypt:2:  hangedman_hall_of_fallen_heroes, layout_regular_city
Crypt:3:  david_glass_crypt, layout_chaotic_city, tomb_entry_pyramid_bobbens,
          uniq_khufu, uniq_mennas
Abyss:4:  base: Depths:3, minivault_28, hangedman_abyss_or_decor_clamps,
          hangedman_abyss_theft, grunt_abyss_rune_forest_and_sorcery,
          hangedman_abyss_theft, gammafunk_abyss_rune_reverse_zot,
          gammafunk_abyss_rune_reverse_zot, guppyfry_abyss_exit_spiral_guarded,
          gammafunk_abyss_rune_reverse_zot, hangedman_eye_storm

Skill      XL: |  1  2  3  4  5  6  7  8  9 10 11 12 13 14 15 16 17 18 19 20 21 22 23 24 25 |
---------------+----------------------------------------------------------------------------+-----
Stealth        | 2 3 4 5 6 7 8 9 10 | 10.0
Spellcasting   | 3 4 5 6 7 8 9 10 11 12 13 14 | 14.7
Earth Magic    | 4 5 6 7 8 9 10 11 12 13 14 15 16 17 18 | 18.5
Conjurations   | 1 2 3 5 7 9 11 12 14 15 | 15.2
Transmutations | 2 3 4 5 6 7 8 9 10 | 10.0
Long Blades    | 1 3 4 5 6 7 10 11 12 13 14 15 16 | 16.0
Evocations     | 1 3 4 5 |  5.5
Invocations    | 3 4 6 7 8 10 | 10.4
Shields        | 1 3 4 6 7 8 9 10 11 12 14 | 14.3
Dodging        | 3 5 6 7 8 9 10 11 12 13 14 | 14.1
Fighting       | 3 5 7 8 9 10 11 12 13 14 15 16 | 16.2
Fire Magic     | 6 9 10 11 12 13 14 15 | 15.2
Translocations | 4 5 |  5.0

Action                   |  1- 3 |  4- 6 |  7- 9 | 10-12 | 13-15 | 16-18 | 19-21 | 22-24 | 25-27 || total
-------------------------+-------+-------+-------+-------+-------+-------+-------+-------+-------++-------
Melee: Unarmed           |    48 |       |       |       |       |    19 |       |       |       ||    67
       Tailslap          |    15 |    22 |    17 |    97 |   108 |   219 |   372 |   399 |    82 ||  1331
       Short sword       |   103 |   205 |       |       |       |       |       |       |       ||   308
       Long sword        |       |    33 |   247 |   802 |   693 |   748 |   165 |       |       ||  2688
       Dagger            |       |       |       |       |    39 |    13 |       |       |       ||    52
       Scimitar          |       |       |       |       |    50 |    80 |       |       |       ||   130
       Demon blade       |       |       |       |       |    22 |   232 |   605 |       |       ||   859
       Quick blade       |       |       |       |       |       |   595 |   391 |    22 |     2 ||  1010
       Double sword      |       |       |       |       |       |       |  1100 |  1985 |   416 ||  3501
Throw: Stone             |       |       |       |     2 |       |       |       |       |       ||     2
       Boomerang         |       |       |       |     8 |     2 |     8 |     6 |    19 |       ||    43
       Dart              |       |       |       |       |    27 |     2 |       |       |       ||    29
       Throwing net      |       |       |       |       |       |       |       |     1 |       ||     1
 Cast: Sandblast         |     8 |    47 |       |     4 |    67 |    85 |    18 |       |       ||   229
       Lee's Rapid Decon |       |       |       |     2 |    29 |    57 |    25 |    54 |     2 ||   169
       Petrify           |       |       |       |    10 |    36 |   112 |    20 |     2 |     1 ||   181
       Passwall          |       |       |       |       |     6 |    19 |     8 |       |    40 ||    73
       Statue Form       |       |       |       |       |       |     5 |    38 |    39 |     2 ||    84
       Bolt of Magma     |       |       |       |       |       |     3 |    14 |     5 |     1 ||    23
       Irradiate         |       |       |       |       |       |       |       |     3 |       ||     3
       Blink             |       |       |       |       |       |       |       |     1 |     4 ||     5
       Borgnjor's Vile C |       |       |       |       |       |       |       |    10 |       ||    10
       Apportation       |       |       |       |       |       |       |       |       |    19 ||    19
Invok: Shadow Form       |       |       |       |       |     1 |     1 |       |       |     1 ||     3
 Abil: Breathe Fire      |       |       |     3 |    16 |    13 |     8 |       |     2 |       ||    42
       Evoke Flight      |       |       |       |       |     3 |       |       |       |       ||     3
       Evoke Berserk Rag |       |       |       |       |     1 |     2 |       |       |       ||     3
       End Transformatio |       |       |       |       |     1 |     2 |       |       |       ||     3
       Evoke Invisibilit |       |       |       |       |       |       |       |       |     3 ||     3
Evoke: Wand              |       |       |       |     1 |    15 |    15 |     1 |     3 |       ||    35
       Phial of floods   |       |       |       |       |       |     1 |     1 |       |       ||     2
  Use: Scroll            |       |     3 |    11 |    10 |    12 |    13 |     6 |    22 |     3 ||    80
       Potion            |       |       |     4 |     1 |     2 |     3 |     1 |    10 |     5 ||    26
 Stab: Sleeping          |     2 |     3 |    12 |    25 |    36 |    53 |    41 |    26 |     1 ||   199
       Petrified         |       |       |       |    18 |    65 |   146 |    25 |     2 |     3 ||   259
       Distracted        |       |       |       |     2 |     2 |     4 |     4 |     3 |     3 ||    18
       Petrifying        |       |       |       |       |     1 |    24 |     3 |     1 |     1 ||    30
       Paralysed         |       |       |       |       |     3 |     4 |       |     3 |       ||    10
       Invisible         |       |       |       |       |     4 |    16 |       |       |     2 ||    22
       Confused          |       |       |       |       |       |     1 |     1 |       |       ||     2
       Held in net/web   |       |       |       |       |       |       |       |     1 |       ||     1
  Eat: Chunk             |     2 |     7 |    14 |    31 |    36 |    45 |    41 |    18 |     3 ||   197
       Ration            |       |       |       |       |     3 |     6 |     4 |    10 |     3 ||    26
Armor: Skin              |    49 |    83 |    79 |   213 |   160 |   315 |   654 |   601 |    84 ||  2238
Dodge: Dodged            |   146 |   250 |   245 |   613 |   704 |   897 |  2094 |  1685 |   320 ||  6954
       Repelled          |       |       |       |       |       |       |       |    49 |     2 ||    51
Block: Buckler           |       |       |       |   129 |   150 |     2 |       |       |       ||   281
       Kite shield       |       |       |       |       |       |   559 |  1339 |  1221 |   302 ||  3421
       Rpst.: Long sword |       |     8 |    73 |   184 |   199 |   117 |    18 |       |       ||   599
       Scimitar          |       |       |       |       |     8 |    13 |       |       |       ||    21
       Demon blade       |       |       |       |       |     1 |    36 |   139 |       |       ||   176
       Double sword      |       |       |       |       |       |       |   246 |   327 |    59 ||   632
